 Dungeon Crawl Stone Soup version 0.19.1 (webtiles) character file.

300 KarmaPolice the Vandal (level 6, -3/42 HPs)
             Began as a Halfling Hunter on Dec 1, 2016.
             Was an Initiate of Okawaru.
             Slain by Duvessa
             ... wielding a +0 short sword of venom
              (17 damage)
             ... on level 4 of the Dungeon.
             The game lasted 00:09:49 (4201 turns).

KarmaPolice the Vandal (Halfling Hunter)            Turns: 4201, Time: 00:09:49

Health: -3/42      AC:  6    Str: 18    XL:     6   Next: 64%
Magic:  7/7        EV: 16    Int:  9    God:    Okawaru [......]
Gold:   246        SH:  0    Dex: 17    Spells: 0 memorised, 5 levels left

rFire  . . .     SeeInvis .     a - +2 hunting sling
rCold  . . .     Gourm    .     c - +0 leather armour
rNeg   . . .     Faith    .     (shield restricted)
rPois  .         Spirit   .     l - +0 helmet
rElec  .         Reflect  .     (no cloak)
rCorr  .         Harm     .     (no gloves)
MR     .....                    (no boots)
Stlth  ++........               (no amulet)
                                (no ring)
                                i - +5 ring of strength

@: lethally poisoned (-3 -> -25), hasted, very quick
A: slimy green scales 1, mutation resistance 1
a: Renounce Religion


You were on level 4 of the Dungeon.
You worshipped Okawaru.
Okawaru was noncommittal.
You were hungry.

You visited 1 branch of the dungeon, and saw 5 of its levels.

You collected 246 gold pieces.

Inventory:

Hand Weapons
 a - a +2 hunting sling (weapon)
 b - a +0 short sword
 s - a +0 dagger of protection
Missiles
 d - 17 sling bullets (quivered)
 e - 128 stones
Armour
 c - a +0 leather armour (worn)
 l - a +0 helmet (worn)
Jewellery
 i - a +5 ring of strength (left hand)
 v - an uncursed ring of see invisible {unknown}
Scrolls
 g - a scroll of amnesia
 k - a scroll of enchant weapon
 m - a scroll of remove curse
 n - a scroll of random uselessness
 u - a scroll of fear
 x - 2 scrolls of fog
 y - a scroll of teleportation {unknown}
 A - a scroll of recharging {unknown}
Potions
 r - a potion of flight {unknown}
 t - a potion of curing {unknown}
 B - a potion of brilliance {unknown}
Comestibles
 f - 4 bread rations
 j - a royal jelly
 q - 3 chunks of flesh
 w - a beef jerky
 z - a slice of pizza


   Skills:
 + Level 3.0 Fighting
 + Level 3.7 Short Blades
 + Level 7.5 Slings
 - Level 3.3 Dodging
 - Level 1.1 Stealth
 + Level 1.5 Invocations


You had 5 spell levels left.
You didn't know any spells.

Dungeon Overview and Level Annotations

Branches:
Dungeon (5/15)             Temple (0/1) D:4

Altars:
Okawaru
Uskayaw

Annotations:
D:4 Duvessa


Innate Abilities, Weirdness & Mutations

You are small and have problems with some larger weapons.
You are somewhat resistant to further mutation.
You are partially covered in slimy green scales. (AC +2)


Message History

You are more poisoned.
As you read the scroll labeled AFFIUV IQIE, it crumbles to dust.
You hear a crunching sound.
It was a scroll of random uselessness.
You feel sick. Duvessa misses you. Duvessa completely misses you.
As you read the scroll labeled TOSHYLOEGI, it crumbles to dust.
You assume a fearsome visage.
It was a scroll of fear.
You feel sick. Duvessa barely misses you.
Okay, then.
Okay, then.
As you read the scroll labeled TOECAD WIAXZEA, it crumbles to dust.
It is a scroll of identify.
x - 2 scrolls of fog You feel sick.
Duvessa barely misses you.
Duvessa hits you with a short sword of venom!
You are lethally poisoned!
Okay, then.
It was a potion of haste.
You feel yourself speed up.
You feel sick.
Duvessa hits you with a short sword of venom!
You die...

#.#
#.......##.#.###.......
#.#
#.......##.#.....######
#.# #.......##.#######
### #.# ##########.#
#.< #.# #.# #.# #.###
#.# #.# #...## #####
#.# #.#
##.>.####...#####.# #.#
#.......(..e@....# #.#
#...####...####### #..
###.# ##### #### #.#
######... #.# #......##
#.# #.###### #.# #.#
#e# #.# #.. #.# ##


You could see Duvessa (berserk).

Vanquished Creatures
  Dowan (D:4)
  A howler monkey (D:4)
  An orc priest (D:4)
  2 worker ants (D:4)
  2 gnolls (D:1)
  3 adders
  An adder skeleton (D:4)
  A worm (D:2)
  4 dart slugs
  4 leopard geckos
  4 orcs
  2 giant cockroaches
  6 hobgoblins
  4 kobolds
  3 quokkas
  5 ball pythons
  10 bats
  4 frilled lizards
  8 goblins
  6 rats
72 creatures vanquished.

Notes
Turn   | Place    | Note
-------+----------+-------------------------------------------
     0 | D:1      | KarmaPolice the Halfling Hunter began the quest for the Orb.
     0 | D:1      | Reached XP level 1. HP: 14/14 MP: 1/1
   108 | D:1      | Reached skill level 1 in Short Blades
   108 | D:1      | Reached skill level 6 in Slings
   108 | D:1      | Reached XP level 2. HP: 12/19 MP: 2/2
   419 | D:1      | Reached XP level 3. HP: 23/24 MP: 3/3
  1059 | D:1      | Reached XP level 4. HP: 12/29 MP: 4/4
  2453 | D:3      | Reached XP level 5. HP: 31/35 MP: 5/5
  2861 | D:3      | Found an iron altar of Okawaru.
  2864 | D:3      | Found a hide-covered altar of Uskayaw.
  2912 | D:3      | Became a worshipper of Warmaster Okawaru
  3030 | D:5      | Entered Level 5 of the Dungeon
  3070 | D:4      | Reached skill level 7 in Slings
  3671 | D:4      | Found a staircase to the Ecumenical Temple.
  3796 | D:4      | Reached skill level 1 in Invocations
  3796 | D:4      | Reached XP level 6. HP: 41/41 MP: 6/6
  4082 | D:4      | Noticed Dowan
  4113 | D:4      | Killed Dowan
  4188 | D:4      | Noticed Duvessa
  4192 | D:4      | Gained mutation: You are partially covered in slimy green scales. (AC +2) [potion of beneficial mutation]
  4201 | D:4      | Slain by Duvessa

Skill      XL: |  1  2  3  4  5  6 |
---------------+-------------------+-----
Fighting       | 2 3 |  3.0
Short Blades   | 1 2 3 |  3.7
Slings         | 6 7 |  7.5
Dodging        | 3 |  3.3
Invocations    | 1 |  1.5
Stealth        | |  1.1

Action                   |  1- 3 |  4- 6 || total
-------------------------+-------+-------++-------
Melee: Short sword       |   112 |   191 ||   303
 Fire: Hunting sling     |     2 |    57 ||    59
  Use: Scroll            |       |     6 ||     6
       Potion            |       |     2 ||     2
 Stab: Sleeping          |       |     2 ||     2
  Eat: Chunk             |       |    10 ||    10
Armor: Leather armour    |    20 |    28 ||    48
Dodge: Dodged            |   101 |   168 ||   269
